 Dungeon Crawl Stone Soup version 0.18.1-48-g4cf74bf (webtiles) character file.

191855 Lennu the Devastator (level 18, 138/138 HPs)
             Began as a Demonspawn Conjurer on July 11, 2016.
             Was a High Priest of Vehumet.
             Quit the game on level 2 of the Orcish Mines on Sept 6, 2016.
             The game lasted 05:26:35 (48488 turns).

Lennu the Devastator (Demonspawn Conjurer)         Turns: 48488, Time: 05:26:36

Health: 138/138    AC: 23    Str: 10    XL:     18   Next: 2%
Magic:  43/43      EV: 16    Int: 23    God:    Vehumet [*****.]
Gold:   2553       SH:  7    Dex: 16    Spells: 7 memorised, 12 levels left

rFire  x . .     SeeInvis .     u - staff of wizardry
rCold  + + +     Gourm    +     E - +5 ring mail {rC+}
rNeg   . . .     Faith    .     P - +1 buckler
rPois  .         Spirit   .     (helmet unavailable)
rElec  .         Dismiss  .     x - +2 cloak
rCorr  .         Reflect  .     A - +2 pair of gloves
SustAt .         Harm     .     (no boots)
MR     ++...                    G - amulet of the gourmand
Stlth  ++........               U - ring of ice
                                h - ring of magical power

@: studying Ice Magic, very resistant to hostile enchantments, unstealthy
A: horns 3, icy blue scales 3, blink, cold resistance 1, demonic guardian 2,
magic resistance 1, sense surroundings 1, strong 1, wild magic 1, no device heal
1
a: Blink, Renounce Religion


You were on level 2 of the Orcish Mines.
You worshipped Vehumet.
Vehumet was extremely pleased with you.
You were very full.

You visited 6 branches of the dungeon, and saw 28 of its levels.
You also visited: Ice Cave.

You collected 2553 gold pieces.

Inventory:

Hand Weapons
 T - the +7 hand axe "Aharem" {chop, rF+ rC+}
   (You found it in an ice cave)

   It inflicts extra damage upon your enemies.
   It protects you from fire.
   It protects you from cold.
Armour
 l - a +0 large shield of cold resistance
 x - a +2 cloak (worn)
 A - a +2 pair of gloves (worn)
 E - a +5 ring mail of cold resistance (worn)
 P - a +1 buckler (worn)
Magical Staves
 u - an uncursed staff of wizardry (weapon)
Jewellery
 h - a ring of magical power (left hand)
 j - an uncursed ring of protection from magic
 n - a +2 ring of intelligence
 G - an amulet of the gourmand (around neck)
 U - a ring of ice (right hand)
Wands
 c - a wand of confusion (12/48)
 f - a wand of flame (29/48)
 g - a wand of digging (17/24)
 o - a wand of disintegration (14/24)
 p - a wand of lightning (9/15)
 z - a wand of paralysis (13/24)
 H - a wand of polymorph (9/24)
 L - a wand of teleportation (4/9)
 Z - a wand of acid (7/15)
Scrolls
 d - 8 scrolls of remove curse
 k - 7 scrolls of teleportation
 m - 3 scrolls of recharging
 M - 4 scrolls of enchant weapon
 W - 4 scrolls of amnesia
Potions
 a - 2 potions of invisibility
 e - 2 potions of brilliance
 w - 3 potions of magic
 C - 2 potions of flight
 O - a potion of heal wounds
 R - 2 potions of curing
 S - 3 potions of agility
Books
 b - a book of Conjurations

   Spells                             Type                      Level
   a - Magic Dart                     Conjuration                  1
   b - Searing Ray                    Conjuration                  2
   c - Dazzling Spray                 Conjuration/Hexes            3
   d - Fulminant Prism                Conjuration/Hexes            4
   e - Iskenderun's Mystic Blast      Conjuration                  4
   f - Iskenderun's Battlesphere      Conjuration/Charms           5
 q - a book of Frost

   Spells                             Type                      Level
   a - Freeze                         Ice                          1
   b - Throw Frost                    Conjuration/Ice              2
   c - Ozocubu's Armour               Charms/Ice                   3
   d - Throw Icicle                   Conjuration/Ice              4
   e - Summon Ice Beast               Ice/Summoning                4
 t - a book of Ice

   Spells                             Type                      Level
   a - Ice Form                       Ice/Transmutation            4
   b - Metabolic Englaciation         Hexes/Ice                    5
   c - Ozocubu's Refrigeration        Ice                          6
   d - Bolt of Cold                   Conjuration/Ice              6
   e - Freezing Cloud                 Conjuration/Ice/Air          6
   f - Simulacrum                     Ice/Necromancy               6
 v - a book of Transfigurations

   Spells                             Type                      Level
   a - Irradiate                      Conjuration/Transmutation    5
   b - Statue Form                    Transmutation/Earth          6
   c - Hydra Form                     Transmutation                6
   d - Dragon Form                    Transmutation                7
 F - the Volume of Contamination and Dark Arts
   (You found it on level 8 of the Lair of Beasts)

   Spells                             Type                      Level
   a - Animate Skeleton               Necromancy                   1
   b - Regeneration                   Charms/Necromancy            3
   c - Vampiric Draining              Necromancy                   3
   d - Cigotuvi's Embrace             Necromancy                   5
   e - Poisonous Cloud                Conjuration/Poison/Air       6
 V - a Necronomicon

   Spells                             Type                      Level
   a - Haunt                          Necromancy/Summoning         7
   b - Borgnjor's Revivification      Necromancy                   8
   c - Death's Door                   Charms/Necromancy            8
   d - Necromutation                  Transmutation/Necromancy     8
 X - a manual of Ice Magic
Miscellaneous
 y - a plain deck of defence
 B - a legendary deck of summoning {drawn: 2}
 N - a plain deck of defence
 Q - a phial of floods
 Y - a plain deck of changes
Comestibles
 i - 3 beef jerkies
 D - 4 royal jellies
 I - a slice of pizza
 J - 7 bread rations
 K - 45 fruits


   Skills:
 * Level 11.2 Fighting
 - Level 1.0(1.1) Axes
   Level 0.5(1.0) Maces & Flails
 - Level 0.3(0.5) Staves
 + Level 1.0 Throwing
 * Level 10.2 Armour
 * Level 10.9 Dodging
 - Level 1.7 Stealth
 * Level 8.1 Shields
 + Level 1.0 Unarmed Combat
 * Level 12.3 Spellcasting
 * Level 16.7 Conjurations
 + Level 2.4 Hexes
 - Level 4.8 Charms
 * Level 9.0 Ice Magic
 + Level 2.3 Evocations


You had 12 spell levels left.
You knew the following spells:

 Your Spells              Type           Power        Failure   Level  Hunger
a - Magic Dart            Conj           ####         1%          1    None
b - Dazzling Spray        Conj/Hex       ######       1%          3    None
c - Iskenderun's Mystic   Conj           #######.     1%          4    None
d - Iskenderun's Battles  Conj/Chrm      ######..     1%          5    ###....
e - Bolt of Cold          Conj/Ice       #######...   1%          6    #####..
f - Freezing Cloud        Conj/Ice/Air   #######...   8%          6    #####..
g - Throw Icicle          Conj/Ice       #######.     1%          4    None


Dungeon Overview and Level Annotations

Branches:
Dungeon (15/15)            Temple (1/1) D:7            Lair (8/8) D:11
  Swamp (1/4) Lair:5       Spider (0/4) Lair:4        Slime (0/6) Lair:6
    Orc (2/2) D:11            Elf (0/3) Orc:2        Vaults (0/5) D:14
 Depths (1/5) D:15

Altars:
Ashenzari
Cheibriados
Dithmenos
Elyvilon
Fedhas
Gozag
Kikubaaqudgha
Makhleb
Nemelex Xobeh
Okawaru
Pakellas
Qazlal
Ru
Sif Muna
Trog
Vehumet
Xom
Yredelemnul
Zin
The Shining One
Beogh

Shops:
D:5 }   Orc:2 [:*(

Portals:
Trove: D:14 (give potion of experience)

Annotations:
D:4 Doomgape's ghost, amateur MiTm
Lair:5 exclusion: hippogriff


Innate Abilities, Weirdness & Mutations

You have a pair of large horns on your head.
You are completely covered in icy blue scales (AC +4, EV -1, rC+).
Your flesh is cold resistant.
A demonic guardian rushes to your aid.
You can translocate small distances at will.
You are resistant to hostile enchantments.
You passively map a small area around you.
Your muscles are strong. (Str +2)
Your spells are a little harder to cast, but a little more powerful.
Potions and wands are less effective at restoring your health.


Message History

Things that are here:
a robe; a dagger
There is a stone staircase leading down here.
You can't go up here!
You climb downwards.
There is a stone staircase leading up here.
Unknown command.
Cast which spell? (? or * to list)
Okay, then.
Quiver which item? (- for none, * to show all) (? for menu, Esc to quit)
Okay, then.
Unknown command.
Unknown command.
Quiver which item? (- for none, * to show all) (? for menu, Esc to quit)
Okay, then.
Drink which item? (? for menu, Esc to quit)
Okay, then.
Quiver which item? (- for none, * to show all) (? for menu, Esc to quit)
Okay, then.
Are you sure you want to abandon this character and quit the game? (Confirm with "yes".)

......)[..#.#.......#
.......[..#.........##
....##...........#...#####
....#.....[.....###......##
...#...........###........#
...#.......[[...#<.......##
......).....<..##....#####
........[...)...#......#
.......#.##.....@....###
..#....#####.........#
###.....# ###......##
##...## #.....## #...##
##...## ##.## ##### ###


There were no monsters in sight!

Vanquished Creatures
  Frances (D:13)
  An orc warlord (Orc:2)
  The ghost of 1Viktor the Blocker, a journeyman GrFi of Okawaru (Orc:2)
  A spriggan defender (D:15)
  Nessos (D:13)
  The ghost of drjones the Covert, a journeyman NaWr of Cheibriados (D:10)
  An ettin (Depths:1)
  Josephine (Lair:7)
  An ice dragon (Depths:1)
  An ogre mage (Depths:1)
  The ghost of raetorn the Blocker, a journeyman MiFi of Gozag (IceCv)
  8 hydras
  Erolcha (D:13)
  A catoblepas (Lair:8)
  An anaconda (Lair:4)
  A death knight (D:13)
  A centaur warrior (D:15)
  An alligator (Swamp:1)
  6 death yaks
  2 tengu warriors
  Urug (Orc:2)
  A deep troll shaman (Lair:8)
  A dancing weapon (Orc:2)
  A spriggan berserker (Depths:1)
  A vampire mage (Depths:1)
  5 orc high priests
  A giant orange brain (Depths:1)
  An unseen horror (D:11)
  Pikel (D:8)
  6 orc knights
  2 swamp dragons (Swamp:1)
  6 hill giants
  5 deep elf magi
  A griffon (Lair:8)
  A wizard (D:14)
  2 necromancers
  14 ugly things
  A harpy (shapeshifter) (D:13)
  4 orc sorcerers
  4 manticores
  2 oklob plants (Lair:6)
  2 centaur zombies
  4 cyclopes
  19 elephants
  A salamander (D:15)
  Maurice (D:12)
  Joseph (D:9)
  An ice statue (IceCv)
  10 black mambas
  14 spiny frogs
  A torpor snail (Lair:7)
  9 komodo dragons
  A rime drake (Lair:4)
  3 yaktaurs (D:15)
  8 freezing wraiths
  8 trolls
  Grinder (D:6)
  A tengu conjurer (D:15)
  4 two-headed ogres
  2 polar bears (Lair:8)
  40 blink frogs
  2 giant leeches (Swamp:1)
  A bog body (Swamp:1)
  14 slime creatures
  Prince Ribbit (Lair:1)
  A water elemental (D:14)
  A shadow (D:13)
  4 hogs (Lair:5)
  A spriggan (Lair:8)
  4 wyverns
  6 wraiths
  63 yaks
  5 basilisks
  3 vampire mosquitoes (D:13)
  7 hippogriffs
  A steam dragon (D:12)
  6 hungry ghosts
  16 insubstantial wisps
  8 wargs
  Duvessa (D:6)
  2 soldier ants (D:10)
  3 swamp worms (Swamp:1)
  20 water moccasins
  11 porcupines
  2 swamp drakes (Swamp:1)
  2 black bears
  A phantom (D:6)
  17 ice beasts
  3 sky beasts
  51 orc warriors
  A wasp (Swamp:1)
  An alligator simulacrum (IceCv)
  16 ogres
  4 boggarts (D:13)
  15 wolves
  10 centaurs
  9 crocodiles
  A big kobold (D:13)
  24 giant frogs
  Dowan (D:6)
  A wyvern skeleton (D:13)
  4 scorpions
  8 killer bees (D:11)
  2 electric eels
  5 wights (D:7)
  5 howler monkeys
  8 crimson imps
  7 draconian simulacra (IceCv)
  A quasit (D:4)
  4 jellies
  A wasp zombie (D:11)
  6 giant frog zombies
  10 hounds
  35 orc wizards
  A gnoll shaman (Orc:1)
  25 orc priests
  Crazy Yiuf (D:6)
  5 centaur skeletons
  4 giant frog skeletons
  8 iguanas
  7 hell rats (Lair:5)
  3 spriggan simulacra (IceCv)
  8 worker ants
  A polar bear simulacrum (IceCv)
  3 troll simulacra (IceCv)
  2 wolf simulacra (IceCv)
  26 sheep
  4 centaur simulacra (IceCv)
  3 hound zombies
  2 hound skeletons
  A mummy (D:6)
  14 adders
  9 gnolls
  58 river rats
  A naga simulacrum (IceCv)
  2 ogre simulacra (IceCv)
  4 shadow imps
  12 white imps (IceCv)
  A worker ant simulacrum (D:11)
  5 oozes
  An adder zombie (D:7)
  An adder skeleton (D:5)
  6 worms
  2 dart slugs
  7 giant geckos
  134 orcs
  8 giant cockroaches
  3 goblins
  7 hobgoblins
  17 jackals
  3 quokkas
  A ball python (D:4)
  10 bats
  A giant newt (D:4)
  A goblin zombie (D:6)
  10 kobolds
  A kobold zombie (D:6)
  A quokka skeleton (D:10)
  9 rats
  3 fungi
  7 plants
1104 creatures vanquished.

Vanquished Creatures (collateral kills)
  Kirke (Lair:5)
  Maud (Orc:1)
  2 orc warlords
  A dire elephant (D:15)
  A spriggan air mage (Depths:1)
  A centaur warrior (D:12)
  2 death yaks (Lair:8)
  A hill giant (D:11)
  A centaur zombie (D:11)
  An ugly thing (D:11)
  6 elephants
  A black mamba (Lair:2)
  2 spiny frogs
  3 freezing wraiths (IceCv)
  A komodo dragon (D:11)
  A rime drake (Lair:2)
  A tengu conjurer (D:14)
  A troll (D:11)
  3 yaks (D:12)
  Menkaure (D:5)
  An orc warrior (D:11)
  4 slaves (D:8)
  An ice beast (Lair:1)
  2 ogres
  A crocodile (Lair:2)
  A big kobold (D:8)
  2 scorpions
  An electric eel (D:6)
  2 orc priests
  An iguana (Lair:2)
  A howler monkey skeleton (D:6)
  2 shadow imps
  3 orcs
54 creatures vanquished.

Vanquished Creatures (others)
  A komodo dragon (Lair:6)
  2 humans (Lair:5)
  A jelly (D:12)
  An orc (Orc:2)
  2 butterflies (Lair:5)
  59 fungi
  25 plants
91 creatures vanquished.

Grand Total: 1249 creatures vanquished

Notes
Turn   | Place    | Note
--------------------------------------------------------------
     0 | D:1      | Lennu the Demonspawn Conjurer began the quest for the Orb.
     0 | D:1      | Reached XP level 1. HP: 13/13 MP: 3/3
   724 | D:1      | Gained mutation: You have a pair of small horns on your head. [demonic ancestry]
   724 | D:1      | Reached XP level 2. HP: 17/19 MP: 0/5
  1628 | D:2      | Reached XP level 3. HP: 21/24 MP: 0/6
  2638 | D:2      | Reached skill level 1 in Armour
  2638 | D:2      | Gained mutation: You are partially covered in icy blue scales (AC +1). [demonic ancestry]
  2638 | D:2      | Reached XP level 4. HP: 31/31 MP: 2/7
  2867 | D:3      | Reached skill level 1 in Fighting
  2867 | D:3      | Reached skill level 5 in Conjurations
  3106 | D:3      | Learned a level 3 spell: Dazzling Spray
  3777 | D:3      | Gained mutation: You are mostly covered in icy blue scales (AC +3, EV -1). [demonic ancestry]
  3777 | D:3      | Reached XP level 5. HP: 37/37 MP: 3/8
  4285 | D:4      | Found a glowing silver altar of Zin.
  4388 | D:4      | Found a basalt altar of Yredelemnul.
  4646 | D:4      | Noticed Doomgape's ghost (amateur MiTm)
  5123 | D:4      | Found an iron altar of Okawaru.
  5128 | D:4      | Noticed a water elemental
  5130 | D:4      | Found a stormy altar of Qazlal.
  5234 | D:4      | Gained mutation: A weak demonic guardian rushes to your aid. [demonic ancestry]
  5234 | D:4      | Reached XP level 6. HP: 36/44 MP: 0/10
  5372 | D:4      | Noticed an air elemental
  5372 | D:4      | Noticed a fire elemental
  5384 | D:4      | Found a snail-covered altar of Cheibriados.
  5632 | D:5      | Entered Level 5 of the Dungeon
  6023 | D:5      | Found an oddly glowing altar of Pakellas.
  6023 | D:5      | Found Pakellas's Prime Provisions.
  6119 | D:5      | Noticed Menkaure
  6179 | D:5      | Killed Menkaure
  6179 | D:5      | Reached XP level 7. HP: 51/51 MP: 6/11
  6528 | D:5      | Found an opulent altar of Gozag.
  6867 | D:5      | Gained mutation: You can translocate small distances at will. [potion of beneficial mutation]
  6999 | D:6      | Found a shimmering altar of Xom.
  7042 | D:6      | Noticed Grinder
  7066 | D:6      | Paralysed by Grinder for 3 turns
  7080 | D:6      | Killed Grinder
  7080 | D:6      | Reached skill level 6 in Conjurations
  7404 | D:6      | Reached XP level 8. HP: 42/57 MP: 0/13
  7617 | D:6      | Noticed Crazy Yiuf
  7625 | D:6      | Learned a level 4 spell: Iskenderun's Mystic Blast
  7640 | D:6      | Killed Crazy Yiuf
  7759 | D:6      | Found an ancient bone altar of Kikubaaqudgha.
  8036 | D:6      | Reached skill level 1 in Hexes
  8083 | D:6      | Noticed Duvessa
  8086 | D:6      | Noticed Dowan
  8125 | D:6      | Killed Duvessa
  8229 | D:6      | Killed Dowan
  8364 | D:6      | Noticed a moth of wrath
  8367 | D:6      | Found a bloodstained altar of Trog.
  8773 | D:6      | Reached skill level 7 in Conjurations
  9153 | D:6      | Reached skill level 5 in Dodging
  9252 | D:6      | Learned a level 5 spell: Iskenderun's Battlesphere
  9319 | D:7      | Reached skill level 5 in Spellcasting
  9429 | D:7      | Gained mutation: You are completely covered in icy blue scales (AC +4, EV -1, rC+). [demonic ancestry]
  9429 | D:7      | Reached XP level 9. HP: 62/64 MP: 13/16
  9660 | D:7      | Reached skill level 1 in Charms
  9965 | D:7      | Found a white marble altar of Elyvilon.
 10145 | D:7      | Reached skill level 8 in Conjurations
 10237 | D:7      | Found a staircase to the Ecumenical Temple.
 10246 | Temple   | Entered the Ecumenical Temple
 10253 | Temple   | Became a worshipper of Vehumet
 10448 | D:7      | Found a sacrificial altar of Ru.
 10643 | D:7      | Found a shattered altar of Ashenzari.
 10647 | D:7      | Found a burning altar of Makhleb.
 11176 | D:8      | Gained mutation: You are agile. (Dex +2) [potion of mutation]
 11176 | D:8      | Gained mutation: You occasionally shout uncontrollably at your foes. [potion of mutation]
 11176 | D:8      | Gained mutation: You are resistant to hostile enchantments. [potion of mutation]
 11269 | D:8      | Noticed Pikel
 11446 | D:8      | Killed Pikel
 11662 | D:8      | Gained mutation: You have a pair of horns on your head. [demonic ancestry]
 11662 | D:8      | Reached XP level 10. HP: 73/73 MP: 19/19
 11673 | D:8      | Reached skill level 9 in Conjurations
 11936 | D:8      | Reached * piety under Vehumet
 11936 | D:8      | Offered knowledge of Shock by Vehumet.
 12223 | D:8      | Noticed a manticore
 12244 | D:8      | Killed a manticore
 12569 | D:9      | Reached skill level 5 in Armour
 13075 | D:9      | Noticed Joseph
 13128 | D:9      | Killed Joseph
 13358 | D:9      | Reached skill level 5 in Fighting
 13367 | D:9      | Found a shimmering altar of Xom.
 14207 | D:10     | Entered Level 10 of the Dungeon
 14535 | D:10     | Noticed drjones's ghost (journeyman NaWr)
 14548 | D:10     | Killed drjones's ghost
 14548 | D:10     | Reached skill level 10 in Conjurations
 14688 | D:10     | Lost mutation: You occasionally shout uncontrollably at your foes. [mutagenic meat]
 14689 | D:10     | Gained mutation: You expend magic power (3 MP) to strengthen your wands. [mutagenic meat]
 14690 | D:10     | Gained mutation: Your spells are a little harder to cast, but a little more powerful. [mutagenic meat]
 14691 | D:10     | Gained mutation: Your mind is acute. (Int +2) [mutagenic meat]
 14692 | D:10     | Lost mutation: You expend magic power (3 MP) to strengthen your wands. [mutagenic meat]
 15066 | D:10     | Lost mutation: Your mind is acute. (Int +2) [mutagenic meat]
 15067 | D:10     | Gained mutation: You have a pair of large horns on your head. [mutagenic meat]
 15068 | D:10     | Gained mutation: You possess an exceptional clarity of mind. [mutagenic meat]
 15109 | D:10     | Gained mutation: Your muscles are strong. (Str +2) [mutagenic meat]
 15402 | D:10     | Offered knowledge of Sting by Vehumet.
 15452 | D:10     | Reached ** piety under Vehumet
 15702 | D:10     | Gained mutation: A demonic guardian rushes to your aid. [demonic ancestry]
 15702 | D:10     | Reached XP level 11. HP: 81/81 MP: 15/21
 16284 | D:11     | Found a staircase to the Lair.
 16285 | D:11     | Noticed a hill giant
 16289 | D:11     | Killed a hill giant
 16465 | D:11     | Noticed a hill giant
 16472 | D:11     | Killed a hill giant
 16472 | D:11     | Reached skill level 11 in Conjurations
 16538 | D:11     | Offered knowledge of Inner Flame by Vehumet.
 16786 | D:11     | Found a staircase to the Orcish Mines.
 16809 | Orc:1    | Entered Level 1 of the Orcish Mines
 16809 | Orc:1    | Noticed an orc warlord
 16889 | D:11     | Reached *** piety under Vehumet
 17048 | D:11     | Noticed a brown ugly thing
 17069 | D:11     | Killed a brown ugly thing
 17069 | D:11     | Offered knowledge of Sticky Flame by Vehumet.
 17365 | D:11     | Killed an unseen horror
 18165 | Lair:1   | Entered Level 1 of the Lair of Beasts
 18272 | Lair:1   | Found a frozen archway.
 18292 | Lair:1   | Reached **** piety under Vehumet
 18462 | IceCv    | Entered an ice cave
 18736 | IceCv    | Offered knowledge of Bolt of Magma by Vehumet.
 18868 | IceCv    | Reached XP level 12. HP: 89/89 MP: 19/24
 18907 | IceCv    | Reached skill level 1 in Shields
 18907 | IceCv    | Reached skill level 12 in Conjurations
 19131 | IceCv    | Noticed raetorn's ghost (journeyman MiFi)
 19167 | IceCv    | Killed raetorn's ghost
 19409 | IceCv    | Got a bone hand axe
 19410 | IceCv    | Identified the +7 hand axe "Aharem" {chop, rF+ rC+} (You found it in an ice cave)
 19427 | IceCv    | Found an ancient bone altar of Kikubaaqudgha.
 19592 | IceCv    | Reached ***** piety under Vehumet
 19676 | IceCv    | Offered knowledge of Force Lance by Vehumet.
 20857 | Lair:1   | Reached skill level 1 in Evocations
 20857 | Lair:1   | Reached XP level 13. HP: 98/98 MP: 26/26
 20863 | Lair:1   | Reached skill level 1 in Axes
 20863 | Lair:1   | Reached skill level 1 in Throwing
 20863 | Lair:1   | Reached skill level 1 in Unarmed Combat
 20863 | Lair:1   | Reached skill level 13 in Conjurations
 20863 | Lair:1   | Reached XP level 14. HP: 105/105 MP: 27/27
 20864 | Lair:1   | Reached XP level 15. HP: 112/112 MP: 28/28
 20936 | Lair:1   | Noticed Prince Ribbit
 20947 | Lair:1   | Killed Prince Ribbit
 21378 | Lair:2   | Reached skill level 5 in Shields
 24381 | Lair:4   | Found a hole to the Spider Nest.
 24443 | Lair:4   | Reached skill level 14 in Conjurations
 24468 | Lair:4   | Offered knowledge of Bolt of Draining by Vehumet.
 25432 | Lair:4   | You fall through a shaft for 2 floors!
 25432 | Lair:6   | Found a labyrinth entrance.
 25666 | Lair:6   | Reached skill level 10 in Spellcasting
 26118 | Lair:5   | Gained mutation: Your flesh is cold resistant. [demonic ancestry]
 26118 | Lair:5   | Reached XP level 16. HP: 120/120 MP: 3/30
 26151 | Lair:5   | Offered knowledge of Spellforged Servitor by Vehumet.
 26159 | Lair:5   | Learned a level 6 spell: Bolt of Cold
 26166 | Lair:5   | Learned a level 6 spell: Freezing Cloud
 26348 | Lair:5   | Noticed Kirke
 26350 | Lair:5   | Noticed a sphinx
 26363 | Lair:5   | Killed Kirke
 27119 | Lair:5   | Found a staircase to the Swamp.
 27981 | Lair:6   | Found a staircase to the Slime Pits.
 29162 | Lair:7   | Noticed Josephine
 29166 | Lair:7   | Killed Josephine
 29776 | Lair:7   | Offered knowledge of Venom Bolt by Vehumet.
 30112 | Lair:7   | Reached skill level 5 in Ice Magic
 30833 | Lair:8   | Entered Level 8 of the Lair of Beasts
 30837 | Lair:8   | Reached skill level 10 in Fighting
 31337 | Lair:8   | Reached skill level 15 in Conjurations
 31601 | Lair:8   | Reached skill level 10 in Dodging
 32360 | Lair:8   | Identified the Volume of Contamination and Dark Arts
 33042 | Lair:8   | Gained mutation: Your magical capacity is low (-10% MP). [potion of mutation]
 33043 | Lair:8   | Lost mutation: You are agile. (Dex +2) [potion of cure mutation]
 33043 | Lair:8   | Lost mutation: You have a pair of large horns on your head. [potion of cure mutation]
 33043 | Lair:8   | Lost mutation: Your magical capacity is low (-10% MP). [potion of cure mutation]
 33043 | Lair:8   | Lost mutation: Your spells are a little harder to cast, but a little more powerful. [potion of cure mutation]
 33043 | Lair:8   | Lost mutation: Your muscles are strong. (Str +2) [potion of cure mutation]
 34205 | D:11     | Lost mutation: You possess an exceptional clarity of mind. [mutagenic meat]
 35236 | Orc:2    | Entered Level 2 of the Orcish Mines
 35272 | Orc:2    | Offered knowledge of Conjure Ball Lightning by Vehumet.
 35341 | Orc:2    | Noticed 1Viktor's ghost (journeyman GrFi)
 35369 | Orc:1    | Noticed Maud
 35376 | Orc:1    | Killed Maud
 36549 | Orc:2    | Noticed Urug
 36556 | Orc:2    | Killed Urug
 36768 | Orc:2    | Gained mutation: You have a pair of large horns on your head. [demonic ancestry]
 36768 | Orc:2    | Reached XP level 17. HP: 102/129 MP: 26/32
 37063 | Orc:2    | Found a staircase to the Elven Halls.
 38097 | Orc:2    | Found a roughly hewn altar of Beogh.
 38122 | Orc:2    | Gained mutation: Potions and wands are less effective at restoring your health. [potion of mutation]
 38122 | Orc:2    | Gained mutation: You have an increased reservoir of magic (+10% MP). [potion of mutation]
 38122 | Orc:2    | Gained mutation: Your spells are a little harder to cast, but a little more powerful. [potion of mutation]
 38153 | Orc:2    | Found Qinucag's Antique Weapon Boutique.
 38177 | Orc:2    | Found Liykop's General Store.
 38193 | Orc:2    | Found Niwausayv's Antique Armour Boutique.
 38210 | Orc:2    | Found Desaek's Book Boutique.
 38894 | Orc:2    | Killed 1Viktor's ghost
 39188 | Orc:1    | Found a bloodstained altar of Trog.
 39350 | Orc:1    | Reached skill level 16 in Conjurations
 39756 | Swamp:1  | Entered Level 1 of the Swamp
 40317 | Swamp:1  | Offered knowledge of Poison Arrow by Vehumet.
 42016 | D:12     | Noticed Maurice
 42023 | D:12     | Killed Maurice
 43023 | D:13     | Noticed Frances
 43027 | D:13     | Killed Frances
 43652 | D:13     | Noticed Nessos
 43659 | D:13     | Killed Nessos
 43659 | D:13     | Offered knowledge of Delayed Fireball by Vehumet.
 44246 | D:13     | Noticed Erolcha
 44247 | D:13     | Killed Erolcha
 44247 | D:13     | Reached skill level 10 in Armour
 44764 | D:13     | Lost mutation: You have an increased reservoir of magic (+10% MP). [mutagenic meat]
 44766 | D:13     | Gained mutation: Scrolls take you a little longer to read. [mutagenic meat]
 45015 | D:14     | Gained mutation: You passively map a small area around you. [mutagenic meat]
 45016 | D:14     | Gained mutation: You expend magic power (3 MP) to strengthen your wands. [mutagenic meat]
 45512 | D:14     | Found a portal to a secret trove of treasure.
 45626 | D:14     | Lost mutation: Scrolls take you a little longer to read. [mutagenic meat]
 45627 | D:14     | Lost mutation: You expend magic power (3 MP) to strengthen your wands. [mutagenic meat]
 45628 | D:14     | Gained mutation: Your muscles are strong. (Str +2) [mutagenic meat]
 46051 | D:14     | Found a gate to the Vaults.
 46287 | D:15     | Entered Level 15 of the Dungeon
 46902 | D:15     | Learned a level 4 spell: Throw Icicle
 47044 | D:15     | Found a staircase to the Depths.
 47498 | Depths:1 | Entered Level 1 of the Depths
 47658 | Depths:1 | Reached XP level 18. HP: 120/138 MP: 12/34
 47669 | Depths:1 | HP: 5/138 [spriggan air mage/the air[the Enchantress] (26)]
 47733 | D:15     | HP: 6/138 [spriggan defender/enchanted quick blade[the Enchantress] (7)]
 48488 | Orc:2    | Quit the game

Skill      XL: |  1  2  3  4  5  6  7  8  9 10 11 12 13 14 15 16 17 |
---------------+----------------------------------------------------+-----
Armour         | 1 2 3 4 5 6 7 8 9 10 | 10.2
Dodging        | 2 3 4 5 6 7 8 9 10 | 10.9
Fighting       | 1 2 3 4 5 6 7 8 9 10 11 | 11.2
Conjurations   | 5 6 7 8 10 11 12 13 14 15 16 | 16.7
Spellcasting   | 3 5 6 7 8 9 10 11 12 | 12.3
Hexes          | 1 2 |  2.4
Charms         | 2 3 4 |  4.8
Shields        | 3 4 5 7 8 |  8.1
Ice Magic      | 2 3 4 7 9 |  9.0
Evocations     | 1 2 |  2.3
Axes           | 1 |  1.0
Throwing       | 1 |  1.0
Unarmed Combat | 1 |  1.0
Maces & Flails | |  0.5
Staves         | |  0.3
Stealth        | |  1.7

Action                   |  1- 3 |  4- 6 |  7- 9 | 10-12 | 13-15 | 16-18 || total
-------------------------+-------+-------+-------+-------+-------+-------++-------
Melee: Club              |    16 |       |       |       |       |       ||    16
       Mace              |     4 |    16 |       |       |       |       ||    20
       Staff             |       |    78 |    42 |    27 |    36 |    76 ||   259
       Headbutt          |       |    11 |     6 |     6 |     9 |    23 ||    55
 Cast: Magic Dart        |    70 |   148 |   396 |   519 |   259 |   698 ||  2090
       Dazzling Spray    |       |     1 |     6 |       |       |       ||     7
       Iskenderun's Myst |       |       |    53 |    93 |   109 |   109 ||   364
       Iskenderun's Batt |       |       |     1 |    69 |    54 |   198 ||   322
       Bolt of Cold      |       |       |       |       |       |   292 ||   292
       Freezing Cloud    |       |       |       |       |       |     6 ||     6
       Throw Icicle      |       |       |       |       |       |    16 ||    16
 Abil: Blink             |       |       |       |       |     2 |     1 ||     3
Evoke: Wand              |       |       |     1 |     2 |     6 |     5 ||    14
       Deck              |       |       |       |     2 |       |       ||     2
  Use: Scroll            |       |    10 |     4 |    11 |     7 |    11 ||    43
       Potion            |       |     3 |     9 |     3 |     5 |     7 ||    27
 Stab: Invisible         |       |     1 |     1 |       |       |       ||     2
       Sleeping          |       |     1 |       |       |       |       ||     1
  Eat: Chunk             |     6 |     9 |    13 |    56 |     6 |   196 ||   286
       Pizza             |       |     1 |       |       |     1 |       ||     2
       Beef jerky        |       |     1 |     1 |     1 |       |     4 ||     7
       Meat ration       |       |       |     1 |     3 |     3 |     1 ||     8
       Bread ration      |       |       |     2 |       |     2 |       ||     4
       Royal jelly       |       |       |     1 |     3 |       |     2 ||     6
Armor: Robe              |     8 |       |       |       |       |       ||     8
       Leather armour    |     4 |    67 |    73 |    20 |       |       ||   164
       Ring mail         |       |       |       |   121 |   141 |   185 ||   447
       Skin              |       |       |       |     1 |       |       ||     1
Dodge: Dodged            |    16 |   126 |   149 |   180 |   185 |   239 ||   895
Block: Buckler           |       |       |       |    25 |    84 |   119 ||   228
